 Dungeon Crawl Stone Soup version 0.22-a0-223-g0f5d773 (webtiles) character file.

154 vishdafish the Slasher (level 5, 0/40 HPs)
             Began as a Demonspawn Gladiator on Feb 18, 2018.
             Was a Follower of Yredelemnul.
             Succumbed to Tovarisch's ghost's poison
             ... on level 4 of the Dungeon.
             The game lasted 00:04:49 (2389 turns).

vishdafish the Slasher (Demonspawn Gladiator)       Turns: 2389, Time: 00:04:50

Health: 0/40       AC:  9    Str: 14    XL:     5   Next: 13%
Magic:  6/6        EV: 13    Int: 11    God:    Yredelemnul [*.....]
Gold:   128        SH:  0    Dex: 14    Spells: 4/4 levels left

rFire    . . .     SeeInvis .   a - +0 long sword
rCold    + . .     Gourm    .   (no shield)
rNeg     . . .     Faith    .   b - +0 leather armour
rPois    .         Spirit   .   t - +0 helmet
rElec    .         Reflect  .   m - +0 cloak
rCorr    .         Harm     .   (no gloves)
MR       .....                  (no boots)
Stlth    ++........             (no amulet)
HPRegen  0.13/turn              h - +2 ring of protection
MPRegen  0.10/turn              (no ring)

@: lethally poisoned (0 -> -20)
A: talons 1, molten scales 1, blurry vision 1, cold resistance 1, nightstalker
1, screaming 1
a: Animate Remains, Renounce Religion


You were on level 4 of the Dungeon.
You worshipped Yredelemnul.
Yredelemnul was aware of your devotion.
You were not hungry.

You visited 1 branch of the dungeon, and saw 4 of its levels.

You collected 128 gold pieces.

Inventory:

Hand Weapons
 a - a +0 long sword (weapon)
Missiles
 d - 2 throwing nets (quivered)
 l - 8 javelins
 p - 27 bolts
Armour
 b - a +0 leather armour (worn)
 c - a +0 helmet
 m - a +0 cloak (worn)
 t - a +0 helmet (worn)
Jewellery
 h - a +2 ring of protection (left hand)
 n - an uncursed ring of ice {unknown}
 r - an uncursed ring of wizardry {unknown}
Scrolls
 e - 5 scrolls of identify {unknown}
 g - a scroll of noise {unknown}
 i - 2 scrolls of enchant armour {unknown}
 j - a scroll of remove curse {unknown}
 o - a scroll of enchant weapon {unknown}
 s - a scroll of fog {unknown}
Comestibles
 f - 3 rations


   Skills:
 + Level 2.8 Fighting
 * Level 3.8 Long Blades
 - Level 2.0 Throwing
 + Level 1.5 Armour
 + Level 3.2 Dodging
 * Level 1.6 Invocations


You had 4 spell levels left.
You didn't know any spells.

Dungeon Overview and Level Annotations

Branches:
Dungeon (4/15)
 Temple: D:4-7

Altars:
Uskayaw
Wu Jian
Yredelemnul
The Shining One

Annotations:
D:3 Sigmund
D:4 Tovarisch's ghost, amateur DEIE


Innate Abilities, Weirdness & Mutations

You have sharp toenails.
You are partially covered in molten scales. (AC +2)
You are slightly more attuned to the shadows.
Scrolls take you a little longer to read.
Your flesh is cold resistant. (rC+)
You occasionally shout uncontrollably at your foes.


Message History

You feel very sick.
Tovarisch's ghost gestures at you while chanting.
The puff of frost hits you! You resist.
* * * LOW HITPOINT WARNING * * *
You hit Tovarisch's ghost.
Tovarisch's ghost is moderately damaged.
* * * LOW HITPOINT WARNING * * *
You feel sick.
Tovarisch's ghost gestures at you while chanting.
The puff of frost misses you.
You hit Tovarisch's ghost but do no damage.
You claw Tovarisch's ghost, but do no damage.
Tovarisch's ghost is moderately damaged.
* * * LOW HITPOINT WARNING * * *
You feel sick.
Tovarisch's ghost hits you but does no damage.
You closely miss Tovarisch's ghost.
Tovarisch's ghost is moderately damaged.
You die...
Your body rises from the dead as a mindless zombie.

#########.###
#...# #.### #W#
#.# ### #.# #<#
#.#
#.#############.#
#.....@W........#
#################


You could see Tovarisch's ghost.

Vanquished Creatures
  A crimson imp (D:3)
  A bullfrog skeleton (D:4)
  Robin (D:2)
  2 adders
  A worm (D:2)
  A dart slug (D:2)
  3 leopard geckos
  2 giant cockroaches
  12 goblins
  4 hobgoblins
  7 jackals
  7 kobolds
  5 bats
  2 frilled lizards (D:2)
  6 rats
55 creatures vanquished.

Notes
Turn   | Place    | Note
-------+----------+-------------------------------------------
     0 | D:1      | vishdafish the Demonspawn Gladiator began the quest for the Orb.
     0 | D:1      | Reached XP level 1. HP: 16/16 MP: 1/1
   139 | D:1      | Gained mutation: You are partially covered in molten scales. (AC +2) [demonic ancestry]
   139 | D:1      | Reached XP level 2. HP: 18/22 MP: 2/2
   776 | D:2      | Gained mutation: You are slightly more attuned to the shadows. [demonic ancestry]
   776 | D:2      | Reached XP level 3. HP: 22/27 MP: 3/3
   888 | D:2      | Found a glowing golden altar of the Shining One.
   888 | D:2      | Found a basalt altar of Yredelemnul.
   889 | D:2      | Found a hide-covered altar of Uskayaw.
   889 | D:2      | Found an ornate altar of the Wu Jian Council.
   896 | D:2      | Became a worshipper of Yredelemnul the Dark
  1073 | D:2      | Reached skill level 1 in Armour
  1452 | D:2      | Noticed Robin
  1472 | D:2      | Killed Robin
  1472 | D:2      | Reached XP level 4. HP: 24/34 MP: 4/4
  1816 | D:2      | Reached * piety under Yredelemnul
  1915 | D:3      | Reached skill level 1 in Invocations
  1958 | D:3      | Noticed Sigmund
  2064 | D:4      | Gained mutation: You have sharp toenails. [demonic ancestry]
  2064 | D:4      | Reached XP level 5. HP: 32/40 MP: 4/6
  2136 | D:4      | Noticed Tovarisch's ghost (amateur DEIE)
  2384 | D:4      | Gained mutation: You occasionally shout uncontrollably at your foes. [potion of mutation]
  2384 | D:4      | Gained mutation: Scrolls take you a little longer to read. [potion of mutation]
  2384 | D:4      | Gained mutation: Your flesh is cold resistant. (rC+) [potion of mutation]
  2388 | D:4      | HP: 2/40 [poisoned by Tovarisch's ghost]
  2389 | D:4      | Succumbed to Tovarisch's ghost's poison

Vault maps used:
D:1:      shiori_arrival_oz
D:2:      chequers_temple_overflow_statue_of_worship, hangedman_feature_mirror,
          uniq_robin
D:3:      chequers_ecumenical_altar_simple, uniq_sigmund
D:4:      kiku_gazebo_pond_becter, vehumet_statue, first_ration,
          okawaru_metal_pillars_1_2

Skill      XL: |  1  2  3  4 |
---------------+-------------+-----
Throwing       | 2 |  2.0
Long Blades    | 3 |  3.8
Armour         | 1 |  1.5
Dodging        | 3 |  3.2
Invocations    | 1 |  1.6
Fighting       | |  2.8

Action                   |  1- 3 |  4- 6 || total
-------------------------+-------+-------++-------
Melee: Long sword        |   117 |    55 ||   172
       Kick              |       |     3 ||     3
Throw: Throwing net      |     2 |       ||     2
  Use: Potion            |       |     2 ||     2
 Stab: Sleeping          |     3 |     1 ||     4
       Held in net/web   |     1 |       ||     1
  Eat: Ration            |     1 |     1 ||     2
Armor: Leather armour    |    40 |    23 ||    63
Dodge: Dodged            |    83 |    33 ||   116
       Rpst.: Long sword |    31 |    10 ||    41

Table legend:
 A = Spawn XP
 B = Non-spawn XP
 C = Spawn XP percentage of total XP
 D = Spawn monster count
 E = Non-spawn monster count
 F = Spawn count percentage of total count
 G = Total turns spent on level
                    A         B        C        D         E        F      G
               +---------+---------+-------+---------+---------+-------+---------
         Total |       0 |     221 |   0.0 |       0 |      55 |   0.0 |  2389
               +---------+---------+-------+---------+---------+-------+---------
           D:1 |       0 |      31 |   0.0 |       0 |      18 |   0.0 |   651
           D:2 |       0 |      86 |   0.0 |       0 |      31 |   0.0 |  1251
           D:3 |       0 |      65 |   0.0 |       0 |       5 |   0.0 |   330
           D:4 |       0 |      39 |   0.0 |       0 |       1 |   0.0 |   157
               +---------+---------+-------+---------+---------+-------+---------
